 Dungeon Crawl Stone Soup version 0.28-a0-1524-ge72afd5fc6 (webtiles) character file.

Game seed: 6237725588734671287

70654 hatsuma the Devastator (level 14, -2/120 (121) HPs)
             Began as a Green Draconian Conjurer on Jan 16, 2022.
             Was the Champion of Lugonu.
             Constricted to death by Jorgrun (3 damage)
             ... on level 13 of the Dungeon on Jan 18, 2022.
             The game lasted 04:32:35 (34183 turns).

hatsuma the Devastator (Green Draconian Conjurer)  Turns: 34183, Time: 04:32:35

HP:   -2/120 (121)  AC: 12    Str:  9    XL:     14   Next: 94%
MP:   33/35         EV: 11    Int: 30    God:    Lugonu [******]
Gold: 2801          SH:  0    Dex: 10    Spells: 10/29 levels left

rFire   + . .      SeeInvis .   J - +5 rapier (distort)
rCold   + . .      Faith    .   (no shield)
rNeg    . . .      Spirit   .   (armour unavailable)
rPois   +          Reflect  .   R - +2 hat
rElec   .          Harm     .   j - scarf {rC+ rF+}
rCorr   .          Rampage  .   a - +0 pair of gloves
Will    +....                   v - +0 pair of boots
Stlth   +++.......              d - amulet of the acrobat
HPRegen 0.30/turn               k - ring of magical power
MPRegen 0.24/turn               N - +6 ring of intelligence

@: grasped by roots, constricted, lightly drained
A: breathe noxious fumes, AC +8, unfitting armour, stinger 1, poison resistance,
cold-blooded
a: Breathe Noxious Fumes, Renounce Religion, Depart the Abyss, Bend Space,
Banish, Corrupt, Enter the Abyss


You were on level 13 of the Dungeon.
You worshipped Lugonu.
Lugonu was exalted by your worship.
You visited 3 branches of the dungeon, and saw 21 of its levels.
You also visited: Bailey.

You collected 3529 gold pieces.
You spent 728 gold pieces at shops.

Inventory:

Hand Weapons
 J - a +5 rapier of distortion (weapon)
Missiles
 W - 3 throwing nets
Armour
 a - a +0 pair of gloves (worn)
 j - a scarf of resistance (worn)
 v - a +0 pair of boots (worn)
 R - a +2 hat (worn)
Jewellery
 d - an amulet of the acrobat (around neck)
 g - a ring of resist corrosion
 k - a ring of magical power (left hand)
 n - a ring of protection from cold
 t - a ring of protection from fire
 F - a ring of see invisible
 I - a ring of flight
 N - a +6 ring of intelligence (right hand)
Wands
 s - a wand of charming (3)
 D - a wand of iceblast (8)
 G - a wand of acid (12)
 K - a wand of paralysis (9)
 T - a wand of mindburst (2)
Scrolls
 b - 8 scrolls of blinking
 e - a scroll of magic mapping
 h - 2 scrolls of holy word
 m - a scroll of fear {unknown}
 o - 3 scrolls of fog
 x - a scroll of amnesia
 y - 4 scrolls of teleportation
 C - 3 scrolls of immolation
 E - 3 scrolls of vulnerability
 H - 2 scrolls of enchant armour
 S - a scroll of silence
 U - 2 scrolls of brand weapon
 V - a scroll of torment {unknown}
Potions
 c - a potion of invisibility
 f - 3 potions of heal wounds
 i - 2 potions of resistance
 l - a potion of cancellation
 p - 5 potions of magic
 r - 3 potions of ambrosia
 z - 4 potions of curing
 B - 4 potions of flight
 M - 2 potions of attraction
 Q - a potion of berserk rage
 X - a potion of brilliance
Miscellaneous
 q - a phial of floods
 w - a box of beasts


   Skills:
 - Level 10.0 Fighting
 + Level 3.7(4.6) Short Blades
 - Level 4.1(4.8) Long Blades
 - Level 7.0 Dodging
 - Level 7.0 Stealth
 - Level 8.0 Spellcasting
 - Level 15.0 Conjurations
 - Level 7.0 Hexes
 - Level 4.5 Translocations
 - Level 2.3 Air Magic
 - Level 9.0 Earth Magic
 - Level 9.0 Invocations
 - Level 1.8 Evocations


You had 10 spell levels left.
You knew the following spells:

 Your Spells              Type           Power      Damage    Failure   Level
a - Magic Dart            Conj           100%       1d8       0%          1
b - Searing Ray           Conj           100%       2d8       0%          2
c - Dazzling Flash        Conj/Hex       100%       N/A       1%          3
d - Fulminant Prism       Conj/Hex       33%        3d16      1%          4
e - Iskenderun's Mystic   Conj/Tloc      63%        2d13      1%          4
f - Lee's Rapid Deconstr  Erth           30%        3d17*     3%          5

Your spell library contained the following spells:

 Spells                   Type           Power      Damage    Failure   Level
 Slow                     Hex            100%       N/A       1%          1
 Confusing Touch          Hex            52%        N/A       1%          3
 Tukima's Dance           Hex            52%        N/A       1%          3
 Hailstorm                Conj/Ice       55%        3d12      1%          4
 Cause Fear               Hex            26%        N/A       2%          4
 Inner Flame              Hex/Fire       33%        N/A       3%          3
 Freeze                   Ice            48%        1d7       4%          1
 Anguish                  Hex/Necr       16%        N/A       10%         4
 Frozen Ramparts          Ice            24%        1d4       13%         3
 Vampiric Draining        Necr           12%        2d6       13%         3
 Enfeeble                 Hex            26%        N/A       90%         7
 Discord                  Hex            26%        N/A       100%        8
 Chain Lightning          Conj/Air       29%        3d39      100%        9
 Fire Storm               Conj/Fire      27%        8d7       100%        9
 Shatter                  Erth           30%        3d25*     100%        9


Dungeon Overview and Level Annotations

Branches:
Dungeon (13/15)            Temple (0/1) D:7            Lair (6/6) D:10
 Shoals (0/4) Lair:3        Snake (0/4) Lair:4        Slime (0/5) Lair:6
    Orc (2/2) D:12            Elf (0/3) Orc:2        Bailey (visited)
 Vaults: D:13-14

Altars:
Trog
Vehumet
Beogh
Lugonu

Shops:
D:4 :   D:12 [**   Orc:2 *(?*

Annotations:
D:4 Eustachio
D:8 Grum
D:13 Jorgrun
Lair:4 1 runed translucent door, fragbeetle's ghost, journeyman DrTm


Innate Abilities, Weirdness & Mutations

You can breathe blasts of noxious fumes.
Your lurid green scales are hard. (AC +8)
You cannot fit into any form of body armour.
Your tail ends in a venomous barb.
Your system is resistant to poisons. (rPois)
You are cold-blooded and may be slowed by cold attacks.


Message History

The centaur wields a +0 shortbow.
The centaur shoots an arrow.
The arrow closely misses you.
The boulder beetle leaps!
Jorgrun points at you and mumbles some strange words.
You are slowing down.
Jorgrun says, "Tha earth be me home, an' ye be trespassing!"
Your limbs are stiffening.
You have turned to stone.
Jorgrun gestures at you while chanting.
You struggle to resist.
Jorgrun mutters some incantations to himself.
Jorgrun hits you with a +0 vorpal quarterstaff!
Jorgrun points at you and mumbles some strange words.
Roots burst forth from the earth!
The grasping roots grab you! The grasping roots constrict you!!
Jorgrun hits you with a +0 vorpal quarterstaff!!
The grasping roots constrict you!
Jorgrun hits you with a +0 vorpal quarterstaff.
The grasping roots constrict you.
Jorgrun gestures next to you while chanting.
The metal wall shatters!
The blast of metal fragments hits you!!!
* * * LOW HITPOINT WARNING * * *
The grasping roots constrict you!
* * * LOW HITPOINT WARNING * * *
The boulder beetle leaps!
Jorgrun hits you but does no damage. The grasping roots constrict you!
* * * LOW HITPOINT WARNING * * *
Jorgrun hits you with a +0 vorpal quarterstaff!
* * * LOW HITPOINT WARNING * * *
x2 The grasping roots constrict you!
* * * LOW HITPOINT WARNING * * *
Jorgrun hits you with a +0 vorpal quarterstaff!
* * * LOW HITPOINT WARNING * * *
x2 The grasping roots constrict you!
* * * LOW HITPOINT WARNING * * *
You turn to flesh and can move again.
You fail to use your ability.
Jorgrun hits you but does no damage. The grasping roots constrict you.
You die...

##..........
#.........#
......... #.......
#.###.....####
#>.....c.....# #.#
#
######.####.#.###
....../cg@<.......
###.########.####.
#


You could see Jorgrun and a centaur.

Vanquished Creatures
  Snorg (D:11)
  4 hydras
  Harold (Lair:2)
  Erica (D:8)
  3 two-headed ogres
  5 orc high priests (Orc:2)
  Nergalle (Lair:2)
  2 goliath frogs (Lair:6)
  3 orc knights
  A necromancer (D:12)
  4 oklob plants
  3 orc sorcerers
  An ugly thing (D:12)
  A cyclops (D:12)
  3 manticores
  4 torpor snails
  9 black mambas
  12 elephants
  A gargoyle (D:12)
  23 cane toads
  2 rime drakes
  3 kobold demonologists
  An unseen horror (D:11)
  9 komodo dragons
  7 trolls
  3 tyrant leeches (Lair:6)
  A hornet (D:9)
  3 polar bears (Lair:6)
  26 blink frogs
  9 dream sheep
  A centaur simulacrum (D:10)
  A shadow (D:10)
  4 wyverns
  A vampire (D:11)
  3 basilisks
  31 yaks
  A wraith (D:12)
  2 steam dragons
  Menkaure (D:4)
  13 vampire mosquitoes
  5 wargs (Orc:2)
  An acid dragon (D:10)
  10 water moccasins
  34 orc warriors
  2 ice beasts
  3 sky beasts
  3 black bears
  7 ogres
  4 centaurs
  21 wolves
  3 phantoms
  8 kobold brigands
  17 bullfrogs
  2 scorpions
  10 killer bees (D:8)
  5 electric eels
  A howler monkey (D:10)
  5 centaur zombies
  A hound (D:6)
  46 orc priests
  A centaur skeleton (D:7)
  Natasha (twice) (D:4)
  6 iguanas
  27 orc wizards
  3 hell rats (Lair:3)
  3 polar bear simulacra (D:12)
  A yak simulacrum (D:12)
  4 wolf simulacra (D:12)
  2 howler monkey zombies
  2 howler monkey skeletons
  20 river rats (Lair:3)
  3 adders (D:3)
  A white imp (D:5)
  An ufetubus (D:5)
  An adder skeleton (D:4)
  4 worms
  5 dart slugs
  140 orcs
  5 ball pythons
  4 endoplasms
  10 goblins
  6 hobgoblins
  9 quokkas
  7 bats
  4 frilled lizards
  19 kobolds
  20 rats
  3 river rat simulacra (D:12)
  7 fulminant prisms
713 creatures vanquished.

Vanquished Creatures (others)
  An orc (Orc:2)
  A bush (Lair:6)
  299 fulminant prisms
  87 fungi
  175 plants
563 creatures vanquished.

Grand Total: 1276 creatures vanquished

Notes
Turn   | Place    | Note
-------+----------+-------------------------------------------
     0 | D:1      | hatsuma the Draconian Conjurer began the quest for the Orb.
     0 | D:1      | Reached XP level 1. HP: 14/14 MP: 3/3
   126 | D:1      | Reached skill level 1 in Fighting
   219 | D:1      | Reached XP level 2. HP: 24/24 MP: 0/5
   222 | D:1      | Learned a level 2 spell: Searing Ray
  1253 | D:2      | Reached XP level 3. HP: 30/30 MP: 1/6
  1302 | D:2      | Learned a level 3 spell: Dazzling Flash
  2064 | D:3      | Found a faded altar of an unknown god.
  2080 | D:3      | Reached XP level 4. HP: 38/38 MP: 2/7
  2186 | D:3      | Prayed at the altar of an unknown god.
  2186 | D:3      | Became a worshipper of Lugonu the Unformed
  2186 | D:3      | Reached * piety under Lugonu
  2186 | D:3      | Reached ** piety under Lugonu
  2458 | D:3      | Reached skill level 5 in Conjurations
  2782 | D:4      | Noticed a scorpion
  2885 | D:4      | Noticed Menkaure
  2890 | D:4      | Killed Menkaure
  2891 | D:4      | Reached XP level 5. HP: 24/45 MP: 8/8
  3095 | D:4      | Noticed Natasha
  3107 | D:4      | Killed Natasha
  3108 | D:4      | Reached skill level 1 in Invocations
  3108 | D:4      | Reached XP level 6. HP: 49/51 MP: 9/9
  3166 | D:4      | Found a bloodstained altar of Trog.
  3546 | D:4      | Noticed Eustachio
  3691 | D:4      | Reached skill level 6 in Conjurations
  3867 | D:4      | Your scales start taking on a lurid green colour.
  3867 | D:4      | Reached XP level 7. HP: 52/57 MP: 10/10
  3867 | D:4      | Gained mutation: Your system is resistant to poisons.
                  | (rPois) [Green Draconian growth]
  3937 | D:4      | Found Celokk's Book Shoppe.
  4000 | D:4      | Noticed Natasha
  4004 | D:4      | Killed Natasha
  4109 | D:5      | Entered Level 5 of the Dungeon
  4217 | D:5      | You fall into a shaft and drop 2 floors!
  4233 | D:7      | Noticed a troll
  4272 | D:7      | Noticed a troll
  4274 | D:7      | Noticed a six-headed hydra
  4277 | D:7      | Found the +1 robe of Vines {NoPotionHeal Regen++++}
  4595 | D:7      | Reached skill level 7 in Conjurations
  4917 | D:6      | Reached XP level 8. HP: 63/63 MP: 6/11
  5010 | D:5      | Reached *** piety under Lugonu
  5513 | D:5      | Reached skill level 8 in Conjurations
  5821 | D:5      | Learned a level 4 spell: Fulminant Prism
  6449 | D:6      | Reached skill level 5 in Invocations
  6793 | D:6      | Noticed a two-headed ogre
  7257 | D:7      | Reached XP level 9. HP: 71/71 MP: 14/14
  7384 | D:7      | Learned a level 4 spell: Iskenderun's Mystic Blast
  7531 | D:7      | Killed a troll
  7532 | D:7      | Reached skill level 9 in Conjurations
  7614 | D:7      | Found a staircase to the Ecumenical Temple.
  8018 | D:8      | Reached skill level 5 in Fighting
  8253 | D:8      | Noticed Erica
  8511 | D:8      | Reached **** piety under Lugonu
  8655 | D:8      | Noticed Grum
  8672 | D:8      | Reached skill level 5 in Dodging
  8891 | D:8      | Reached XP level 10. HP: 72/81 MP: 16/16
  9201 | D:8      | Reached skill level 10 in Conjurations
  9932 | D:8      | Killed Erica
  9933 | D:8      | Reached skill level 5 in Stealth
 10328 | D:9      | Found a flagged portal.
 10338 | Bailey   | Entered a bailey
 10418 | Bailey   | Reached skill level 5 in Spellcasting
 10542 | Bailey   | Noticed an orc knight
 10570 | Bailey   | Killed an orc knight
 10888 | Bailey   | Found a burning altar of Makhleb.
 11016 | D:9      | Reached ***** piety under Lugonu
 11394 | D:9      | Noticed a two-headed ogre
 11560 | D:10     | Entered Level 10 of the Dungeon
 12090 | D:10     | Reached XP level 11. HP: 92/92 MP: 17/20
 12410 | D:10     | Found a staircase to the Lair.
 12776 | D:10     | Noticed a two-headed ogre
 12798 | D:10     | Reached skill level 11 in Conjurations
 12803 | D:10     | Killed a two-headed ogre
 12911 | D:10     | Noticed a deep elf pyromancer
 12913 | D:10     | Noticed a centaur warrior
 13392 | Lair:1   | Entered Level 1 of the Lair of Beasts
 13812 | Lair:1   | Noticed an eight-headed hydra
 13997 | Lair:1   | Reached skill level 5 in Hexes
 14118 | Lair:1   | Found a radiant altar of Vehumet.
 14268 | Lair:1   | Killed an eight-headed hydra
 14410 | Lair:2   | Upgraded the game from 0.28-a0-1518-gbe868bca14 to
                  | 0.28-a0-1524-ge72afd5fc6
 14431 | Lair:2   | Reached skill level 1 in Evocations
 14784 | Lair:2   | Noticed Nergalle
 14841 | Lair:2   | Reached skill level 1 in Long Blades
 15229 | Lair:2   | Killed Nergalle
 15692 | Lair:2   | Identified the +0 plate armour of Skepticism {Str+3}
 15711 | Lair:2   | Noticed Harold
 15728 | Lair:2   | Killed Harold
 15729 | Lair:2   | Reached skill level 12 in Conjurations
 15729 | Lair:2   | Reached XP level 12. HP: 26/101 MP: 14/21
 16714 | Lair:3   | Noticed a six-headed hydra
 18147 | Lair:3   | Identified the +8 dagger of the Magi {vorpal, Contam rElec
                  | Will+++ Str-5 Dex+6}
 18254 | Lair:3   | Found a staircase to the Shoals.
 18402 | Lair:3   | Killed a five-headed hydra
 18661 | D:4      | Bought a book of Annihilations for 660 gold pieces
 18667 | D:4      | Learned a level 5 spell: Lee's Rapid Deconstruction
 18958 | Lair:4   | Reached skill level 1 in Earth Magic
 19106 | Lair:4   | Found a staircase to the Snake Pit.
 19481 | Lair:4   | Reached skill level 5 in Earth Magic
 19615 | Lair:4   | Found a runed translucent door.
 19620 | Lair:4   | Noticed fragbeetle's ghost (journeyman DrTm)
 19654 | Lair:4   | Noticed a boulder beetle
 20227 | Lair:4   | Banished a boulder beetle
 21207 | Lair:4   | Reached XP level 13. HP: 70/107 MP: 3/22
 21341 | Lair:4   | Reached skill level 13 in Conjurations
 22144 | Lair:5   | Reached skill level 14 in Conjurations
 22758 | Lair:5   | Reached ****** piety under Lugonu
 23321 | Lair:6   | Entered Level 6 of the Lair of Beasts
 23809 | Lair:6   | Found a staircase to the Slime Pits.
 25019 | Lair:6   | Gained mutation: Your tail ends in a venomous barb. [Green
                  | Draconian growth]
 25019 | Lair:6   | Reached XP level 14. HP: 93/118 MP: 24/24
 26274 | Lair:6   | Identified the +8 war axe "Teqod" {freeze, +Blink rPois
                  | Dex+3}
 26812 | D:11     | Noticed Snorg
 26823 | D:11     | Killed Snorg
 27456 | D:11     | Reached skill level 15 in Conjurations
 28358 | D:12     | Found a staircase to the Orcish Mines.
 29152 | D:12     | Found Peothudoi's General Store.
 29458 | D:12     | Found Qofreqar's Armour Shoppe.
 29892 | D:12     | Reached skill level 10 in Fighting
 29972 | D:12     | Found Dyjap's General Store.
 30083 | Orc:1    | Entered Level 1 of the Orcish Mines
 30559 | Orc:2    | Entered Level 2 of the Orcish Mines
 31716 | Orc:2    | Reached skill level 1 in Air Magic
 31800 | Orc:2    | Found Lauwur's Magic Scroll Shoppe.
 31800 | Orc:2    | Found Qiakiz's General Store.
 32034 | Orc:2    | Found a staircase to the Elven Halls.
 32048 | Orc:2    | Found Tygis's General Store.
 32048 | Orc:2    | Found Ikatar's Weapon Boutique.
 32841 | Orc:2    | Bought a +0 rapier for 68 gold pieces
 32896 | Orc:2    | Identified a +5 rapier of distortion (a +3 rapier corrupted
                  | by Lugonu)
 32896 | Orc:2    | Received a gift from Lugonu
 33048 | Orc:2    | Reached skill level 1 in Short Blades
 33129 | Orc:2    | Noticed an orc warlord
 33579 | Orc:2    | Noticed an orc warlord
 34155 | D:13     | Noticed Jorgrun
 34182 | D:13     | HP: 6/120 [Jorgrun (4)]
 34182 | D:13     | HP: 1/120 [constriction (4)]
 34183 | D:13     | Constricted to death by Jorgrun

Illustrated notes

Levels and vault maps discovered:
D:1:      dpeg_arrival_orchard, layout_basic, serial_bayou_lagoon_b
D:2:      layout_basic
D:3:      layout_basic, ebering_ecumenical_altar_mist
D:4:      layout_loops_corners, trog_three_pillars_becter, serial_shops, shop,
          uniq_natasha, uniq_eustachio, uniq_menkaure
D:5:      layout_loops_ring
D:6:      layout_loops_corners
D:7:      layout_loops_corners, minmay_temple_entry_mini_moons,
          amcnicky_mini_corridor_feature, hellmonk_guarded_unrand_vines
D:8:      layout_loops_corners, special_room [special_room_orc],
          kennysheep_nondescript, uniq_erica, uniq_grum
D:9:      layout_roguey, enter_bailey_8, hangedman_decor_slide_cut
D:10:     hangedman_cross_cluster, layout_irregular_city
D:11:     layout_layer_cave, uniq_snorg
D:12:     layout_roguey [special_room_orc], orc_0_dummy, serial_shops, shop,
          nicolae_shop_behind_doors,
          nicolae_shop_temple_entry_statues_fountains, fungi_pond_lemuel,
          eino_house_with_fridge
D:13:     layout_loops_ring, david_vaults_2, minmay_misc_feat_pillars,
          uniq_jorgrun, uniq_kirke, uniq_nessos
Lair:1:   layout_regular_city, basic_altar, serial_bayou_lake_a
Lair:2:   layout_roguey, minmay_holes, uniq_nergalle, uniq_harold
Lair:3:   lemuel_ratsnest, layout_regular_city, elwin_shoals_entry_rocks,
          st_stairs_7
Lair:4:   minmay_lair_oklob_chamber, layout_regular_city, dummy_snake_entry,
          ebering_ghost_reflecting_pool
Lair:5:   layout_hall_layers, grunt_megastairs_4
Lair:6:   minmay_lair_end_frog_pond, layout_loops_ring,
          minmay_slime_entry_oklob_open
Orc:1:    layout_caves
Orc:2:    st_orc_town, layout_caves, basic_altar, minmay_orc_treasury

Skill      XL: |  1  2  3  4  5  6  7  8  9 10 11 12 13 14 |
---------------+-------------------------------------------+-----
Fighting       | 1 2 3 4 5 7 8 9 10 | 10.0
Dodging        | 2 3 5 6 7 |  7.0
Stealth        | 2 4 5 6 7 |  7.0
Conjurations   | 5 6 7 8 9 10 12 14 15 | 15.0
Hexes          | 3 5 6 7 |  7.0
Invocations    | 1 3 5 7 8 9 |  9.0
Spellcasting   | 3 4 6 7 8 |  8.0
Translocations | 2 3 4 |  4.5
Evocations     | 1 |  1.8
Long Blades    | 1 4 |  4.1
Earth Magic    | 7 8 9 |  9.0
Air Magic      | 2 |  2.3
Short Blades   | 3 |  3.7

Action                   |  1- 3 |  4- 6 |  7- 9 | 10-12 | 13-15 || total
-------------------------+-------+-------+-------+-------+-------++-------
Melee: Short sword       |    63 |    27 |       |       |       ||    90
       Punch             |     1 |     1 |     2 |     3 |     6 ||    13
       Unarmed           |     1 |       |       |       |       ||     1
       Tailslap          |     4 |     2 |    26 |    56 |    40 ||   128
       Dagger            |       |    18 |   111 |    35 |       ||   164
       Scimitar          |       |       |       |   256 |   228 ||   484
       Rapier            |       |       |       |       |    18 ||    18
 Cast: Magic Dart        |    22 |    13 |     3 |    12 |    14 ||    64
       Searing Ray       |    10 |    19 |    63 |   118 |   112 ||   322
       Fulminant Prism   |       |       |     1 |   108 |   197 ||   306
       Iskenderun's Myst |       |       |       |     6 |    23 ||    29
       Lee's Rapid Decon |       |       |       |       |     4 ||     4
       Dazzling Flash    |       |       |       |       |     1 ||     1
Invok: Bend Space        |       |       |       |     3 |     5 ||     8
       Banish            |       |       |       |     4 |     3 ||     7
       Brand Weapon With |       |       |       |       |     1 ||     1
 Abil: Breathe Noxious F |       |       |       |    51 |    57 ||   108
Evoke: Wand              |       |       |       |     1 |       ||     1
  Use: Scroll            |     3 |     4 |     5 |    10 |     9 ||    31
       Potion            |       |       |       |     1 |     2 ||     3
 Stab: Sleeping          |       |     1 |     3 |       |       ||     4
       Confused          |       |       |       |     2 |     3 ||     5
       Distracted        |       |       |       |     1 |     1 ||     2
Armor: Skin              |    23 |    13 |    59 |   145 |   170 ||   410
Dodge: Dodged            |    51 |    48 |   165 |   482 |   420 ||  1166

Table legend: (Time is in decaauts)
 A = Elapsed time spent in this place.
 B = Non-inter-level travel time spent in this place.
 C = Inter-level travel time spent in this place.
 D = Time resting spent in this place.
 E = Time spent auto-exploring this place.
 F = Levels seen in this place.
 G = Mean time per level.
                   A        B        C        D        E       F      G
               +--------+--------+--------+--------+--------+-----+--------+
         Total |  34495 |  32259 |   2236 |  13456 |   8371 |  22 | 1568.0 |
       Dungeon |  16862 |  15589 |   1273 |   4895 |   5309 |  13 | 1297.1 |
          Lair |  13256 |  12529 |    727 |   6262 |   2945 |   6 | 2209.3 |
  Orcish Mines |   3782 |   3546 |    236 |   1972 |    116 |   2 | 1891.0 |
        Bailey |    593 |    593 |      0 |    327 |      0 |   1 |  593.0 |
               +--------+--------+--------+--------+--------+-----+--------+

Top non-repeatable levels by time:
  Lair:5: 2838 daAuts
  Lair:2: 2617 daAuts
  Lair:4: 2456 daAuts
   Orc:2: 2348 daAuts
  Lair:6: 2165 daAuts
  Lair:3: 2131 daAuts
    D:10: 2080 daAuts
     D:8: 1983 daAuts
    D:12: 1833 daAuts
     D:6: 1602 daAuts
     D:7: 1592 daAuts
    D:11: 1578 daAuts
   Orc:1: 1433 daAuts
     D:4: 1355 daAuts
     D:1: 1058 daAuts
